 Dungeon Crawl Stone Soup version 0.30-a0-652-gcc886f7154 (webtiles) character file.

Game seed: 15208438692006802448

3416 zeratav the Thaumaturge (level 10, -4/60 HPs)
             Began as a Djinni Conjurer on Jan 17, 2023.
             Was an Initiate of Ashenzari.
             Slain by a wyvern (10 damage)
             ... on level 8 of the Dungeon.
             The game lasted 00:14:03 (6700 turns).

zeratav the Thaumaturge (Djinni Conjurer)           Turns: 6700, Time: 00:14:03

Health: -4/60      AC:  6    Str:  8    XL:     10   Next: 25%
Gold:   370        EV: 12    Int: 21    God:    Ashenzari [......] SH:  0 Dex: 19

rFire   + + .      SeeInvis .    c - +5 whip {mace}
rCold   . . .      Faith    .    (no shield)
rNeg    . . .      Spirit   .    B - +1 robe {rC+}
rPois   ∞          Reflect  .    p - +0 helmet
rElec   .          Harm     .    z - +0 cloak "Elysian Loss" {Self, Fort} (curse)
rCorr   .          Rampage  .    m - +0 pair of gloves
Will    +....                    (boots unavailable)
Stlth   ++                       (no amulet)
HPRegen 0.30/turn                y - +6 ring of dexterity
MPRegen 0.00/turn                (no ring)

@: about to teleport, flying
A: sickness immunity, fire resistance 2, cold vulnerability 1, float, innate
caster, HP casting, extra vitality 1
a: Renounce Religion, Curse Item, Shatter the Chains


You were on level 8 of the Dungeon.
You worshipped Ashenzari.
Ashenzari was noncommittal.
You visited 2 branches of the dungeon, and saw 10 of its levels.

You collected 370 gold pieces.


Innate Abilities, Weirdness & Mutations

You are immune to sickness and miasma.
You are immune to poison.
Your flesh is very heat resistant. (rF++)
You are vulnerable to cold. (rC-)
You float through the air rather than walking.
You learn spells naturally, not from books.
Your magical power is your life essence.
You have superior vitality. (+4 MHP)


   Skills:
 - Level 2.1 Dodging
 - Level 1.5 Stealth
 + Level 11.3(11.7) Spellcasting


You had 8 spell levels left.
You knew the following spells:

 Your Spells              Type           Power      Damage    Failure   Level
a - Magic Dart            Conj           100%       1d8       1%          1
b - Searing Ray           Conj           100%       2d8       1%          2
c - Dazzling Flash        Conj/Hex       100%       N/A       1%          3
d - Fulminant Prism       Conj/Hex       28%        3d13      1%          4
e - Iskenderun's Mystic   Conj/Tloc      57%        2d12      1%          4
f - Sandblast             Erth           100%       2d20      1%          1
g - Lesser Beckoning      Tloc           100%       N/A       1%          2
h - Gell's Gravitas       Tloc           57%        N/A       1%          3
i - Summon Ice Beast      Ice/Summ       57%        N/A       1%          4
Your spell library was empty.

Inventory:

Hand Weapons
 c - a +5 whip (weapon) {mace}
   (You took it off a gnoll on level 2 of the Dungeon)
Armour
 a - a +2 kite shield
   (You took it off a gnoll sergeant on level 6 of the Dungeon)
 m - a +0 pair of gloves (worn)
   (You found it on level 2 of the Dungeon)
 p - a +0 helmet (worn)
   (You took it off Robin on level 2 of the Dungeon)
 z - the cursed +0 cloak "Elysian Loss" (worn) {Self, Fort}
   (You found it on level 4 of the Dungeon)

   It has a curse which improves the following skills: Introspection: Fighting
   and Spellcasting.
   Fortitude: Armour and Shields.
 B - a +1 robe of cold resistance (worn)
   (You took it off an orc wizard on level 5 of the Dungeon)
Jewellery
 y - a +6 ring of dexterity (left hand)
   (You took it off an orc on level 4 of the Dungeon)
 D - an amulet of reflection
   (You found it on level 9 of the Dungeon)
 I - a ring of protection from fire
   (You found it on level 8 of the Dungeon)
Wands
 s - a wand of flame (16)
   (You found it on level 3 of the Dungeon)
 t - a wand of light (13)
   (You found it on level 3 of the Dungeon)
Scrolls
 d - 2 scrolls of teleportation {@r4}
 g - 3 scrolls of enchant weapon {unknown}
 i - 5 scrolls of identify {@r1}
 j - 2 scrolls of magic mapping {unknown}
 l - 4 scrolls of amnesia
 r - 2 scrolls of immolation {unknown}
 x - a scroll of vulnerability {unknown}
 E - a scroll of noise {unknown}
 F - a scroll of fear {unknown}
 G - a scroll of poison {unknown}
 H - a scroll of brand weapon {unknown}
Potions
 b - a potion of magic
 e - a potion of degeneration {unknown}
 f - 2 potions of berserk rage {unknown}
 h - a potion of flight {unknown}
 k - 5 potions of curing {unknown}
 n - a potion of haste {unknown}
 o - 2 potions of invisibility {unknown}
 q - 2 potions of might {unknown}
 u - a potion of heal wounds {unknown}
 v - a potion of cancellation {unknown}
 w - a potion of brilliance {unknown}
 A - a potion of attraction {unknown}
 C - a potion of mutation {unknown}

Dungeon Overview and Level Annotations

Branches:
Dungeon (9/15) Zot: 26772  Temple (1/1) D:4 Zot: 5943
   Lair: D:8-11         Orc: D:9-12

Altars:
Ashenzari
Cheibriados
Dithmenos
Elyvilon
Fedhas
Gozag
Hepliaklqana
Makhleb
Nemelex Xobeh
Okawaru
Qazlal
Ru
Trog
Uskayaw
Wu Jian
Xom
Yredelemnul
Zin

Annotations:
D:3 1 runed translucent door, Crazy Yiuf
D:9 2 transporters, pokeman's ghost, novice DEHW ♣♣ ♣♣ ♣PP PP♣ ♣P~P ### P~P♣ ♣PPP. #(# .PPP♣

..#
♣.....#B#.....♣
..#
♣....gl@Dg....♣
..#
♣g###CPPPS###.♣
..# #).gP~P.e[#
..# ###JPPPT###
..# §....z. ..#
...#.#..( ..#
PP..#[#..PP
†.#.
P~P..###..P~P
†.#.♣♣♣


You could see a boulder beetle (blind), a cyclops (blind), a deep elf
pyromancer, a troll (blind), a water moccasin (blind), a wyvern, an acid dragon
(blind, catching breath), 2 gnoll sergeants, 2 gnoll boudas, a jelly and a
wight.


Message History

Confirm with . or Enter, or press ? or * to list all spells.
Aiming: Fulminant Prism (dangerous; 1% risk of failure)
Press: ? - help, Dir - move target You conjure a prism of explosive energy!
A fulminant prism comes into view.
The yak gores you.
HP[-8]
You take 8 damage, and now have 39/60 hp.
Your fulminant prism crackles loudly.
The yak gores your fulminant prism!
The blast of energy engulfs the yak!
You kill the yak!
The blast of energy engulfs you!!
* * * LOW HITPOINT WARNING * * *
The blast of energy engulfs the yak!!
You hear a shout!
HP[-21]
You take 21 damage, and now have 18/60 hp.
MASSIVE DAMAGE!! (PAUSE)
Casting: Fulminant Prism (dangerous; 1% risk of failure)
Confirm with . or Enter, or press ? or * to list all spells.
You erupt in a blast of force!
The mystic blast hits the yak!
You kill the yak!
* * * LOW HITPOINT WARNING * * *
HP[-4]
You take 4 damage, and now have 14/60 hp.
HP[+1]
Casting: Iskenderun's Mystic Blast (safe; 1% risk of failure)
Confirm with . or Enter, or press ? or * to list all spells.
Okay, then.
HP[+1] HP[+1] Really fly into that teleport trap?
You enter a teleport trap!
The teleport trap disappears.
Your surroundings suddenly seem different.
A sky beast, a boulder beetle, 3 gnolls, an acid dragon, a cyclops, a troll, a water moccasin, a jelly, a deep elf pyromancer and a wight come into view.
The deep elf pyromancer is wielding a +0 rapier of draining.
The cyclops shouts!
The gnoll bouda shouts!
The deep elf pyromancer shouts!
The jelly quivers.
The gnoll bouda shouts!
The gnoll sergeant shouts!
The gnoll sergeant closely misses you. The boulder beetle barely misses you.
The acid dragon roars!
The water moccasin hisses angrily.
The troll shouts!
Something shouts, "Slither home, thou erky miscreant lewdster!"
You hear a loud, deep croak!
You hear a shout!
You hear a roar!
Okay, then.
Casting: Iskenderun's Mystic Blast (safe; 1% risk of failure)
Confirm with . or Enter, or press ? or * to list all spells.
Casting: Dazzling Flash (safe; 1% risk of failure)
Press: ? - help, Dir - look around, f - activate The sky beast is dazzled.
The acid dragon is dazzled.
The boulder beetle is dazzled.
The gnoll sergeant is dazzled.
The water moccasin is dazzled.
The cyclops is dazzled.
The troll is dazzled.
The gnoll bouda is dazzled.
* * * LOW HITPOINT WARNING * * *
You hear a shout!
The water moccasin bites the plant!
The plant begins to die.
A wyvern comes into view.
The gnoll bouda barks out a call to the hunt!
The gnolls pick up the pace!
The boulder beetle bites you but does no damage.
The deep elf pyromancer gestures wildly while chanting.
The deep elf pyromancer blinks!
The troll bites the plant!
The troll claws the plant!
The troll claws the plant.
The sky beast hits you.
* * * LOW HITPOINT WARNING * * *
The sky beast shocks you.
* * * LOW HITPOINT WARNING * * *
You hear two shouts!
HP[-11]
You take 11 damage, and now have 6/60 hp.
Casting: Dazzling Flash (safe; 1% risk of failure)
Confirm with . or Enter, or press ? or * to list all spells.
Okay, then.
As you read the scroll labelled YLOSHAO KICW, it crumbles to dust.
It is a scroll of identify.
l - 4 scrolls of amnesia The water moccasin bites the plant.
The gnoll bouda hits the plant with a +0 club!
The plant begins to die.
The gnoll sergeant hits the plant with a +0 spear!
The plant begins to die.
The cyclops throws a large rock.
The large rock hits the sky beast!!!
The sky beast dies!
The wight hits the plant with a +0 war axe.
The wight drains the plant.
The gnoll bouda hits the plant with a +0 whip!
The acid dragon spits acid at you. The splash of acid misses you.
The splash of acid misses the wyvern.
The splash of acid hits the gnoll bouda!
The acid corrodes the gnoll bouda!
The deep elf pyromancer casts a spell.
The deep elf pyromancer blinks!
A gnoll sergeant comes into view. It is wielding a +0 trident.
The troll bites the plant!
The plant begins to die.
The troll claws the plant.
The troll claws the plant!
The jelly hits the plant.
The plant begins to die.
The plant is splashed with acid.
The acid corrodes the plant!
You hear a shout! x3; You hear an angry buzzing noise.
You hear a shout!
As you read the scroll labelled JIGESI VARANASS, it crumbles to dust.
You feel strangely unstable.
It was a scroll of teleportation.
The wyvern bites you!
You die...

Skill      XL: |  1  2  3  4  5  6  7  8  9 10 |
---------------+-------------------------------+-----
Spellcasting   | 4 5 6 7 8 10 11 | 11.3
Dodging        | |  2.1
Stealth        | |  1.5

Action                   |  1- 3 |  4- 6 |  7- 9 | 10-12 || total
-------------------------+-------+-------+-------+-------++-------
Melee: Whip              |       |       |     1 |       ||     1
 Fire: Sling             |     1 |       |       |       ||     1
 Cast: Magic Dart        |    60 |    97 |    77 |       ||   234
       Searing Ray       |       |     4 |       |       ||     4
       Fulminant Prism   |       |     2 |    46 |     5 ||    53
       Iskenderun's Myst |       |       |    26 |     1 ||    27
       Dazzling Flash    |       |       |       |     1 ||     1
Invok: Curse Item        |       |       |     1 |       ||     1
  Use: Scroll            |       |       |       |     2 ||     2
Armor: Robe              |     2 |     3 |     4 |     1 ||    10
Dodge: Dodged            |     1 |     7 |    15 |     4 ||    27

Levels and vault maps discovered:
D:1:      saegor_arrival_simple_c, layout_rooms,
          shapermc_ecumenical_altar_mp_urbaneastern
D:2:      layout_loops_ring, grunt_decor_cap, nicolae_kite_square_tiling_tiny,
          chequers_serial_rivers_micro_e, uniq_robin
D:3:      layout_loops_corners, kennysheep_generic_room_15,
          uniq_crazy_yiuf_cottage
D:4:      layout_loops_cross, grunt_ashenzari_visionary
          [grunt_ashenzari_visionary_shoals, grunt_ashenzari_visionary_snake],
          amcnicky_altar_gilded, minmay_temple_entry_glass
D:5:      layout_loops_cross, old_standard_altar, minmay_misc_feat_nine_boxes,
          st_stairs_8
D:6:      layout_loops_ring, nicolae_overflow_squiral,
          kennysheep_generic_room_16
D:7:      layout_basic, gammafunk_ghost_berserking_beasts, serial_shops,
          nicolae_shop_crystal
D:8:      nzn_winding_woodlands_large [nzn_winding_woodlands_5x5_default,
          nzn_winding_woodlands_5x15_sidewinder,
          nzn_winding_woodlands_5x5_checkerboard,
          nzn_winding_woodlands_center_lodge,
          nzn_winding_woodlands_15x15_five_gardens,
          nzn_winding_woodlands_center_garden,
          nzn_winding_woodlands_5x5_default, nzn_winding_woodlands_5x15_parted,
          nzn_winding_woodlands_5x5_three], layout_cave_pools,
          lemuel_crystal_altar, nicolae_tso_swordbearing_angel,
          lemuel_tele_altar, ebering_ghost_xom, uniq_prince_ribbit1
D:9:      lemuel_ice_statue, layout_basic, gammafunk_ghost_smash, uniq_pikel,
          uniq_grum
Temple:   eino_temple_lava

Notes
Turn   | Place    | Note
-------+----------+-------------------------------------------
     0 | D:1      | zeratav the Djinni Conjurer began the quest for the Orb.
     0 | D:1      | zeratav set off with the following spells memorised: Magic
                  | Dart, Searing Ray, Dazzling Flash, Fulminant Prism,
                  | Iskenderun's Mystic Blast.
     0 | D:1      | Reached XP level 1. HP: 15/15 MP: 0/0
     0 | D:1      | magus.rc [v1.9.6]
    94 | D:1      | Reached XP level 2. HP: 20/21 MP: 0/0
   356 | D:1      | Found a faded altar of an unknown god.
   466 | D:1      | Reached XP level 3. HP: 23/25 MP: 0/0
   466 | D:1      | Learned a level 1 spell: Sandblast
   543 | D:2      | Reached skill level 4 in Spellcasting
   685 | D:2      | Reached XP level 4. HP: 27/31 MP: 0/0
  1162 | D:2      | Noticed Robin
  1171 | D:2      | Killed Robin
  1497 | D:3      | Reached XP level 5. HP: 33/35 MP: 0/0
  1497 | D:3      | Learned a level 2 spell: Lesser Beckoning
  2202 | D:3      | Found a runed translucent door.
  2203 | D:3      | Noticed Crazy Yiuf
  2351 | D:4      | Reached skill level 5 in Spellcasting
  2388 | D:4      | Noticed a phantom
  2533 | D:4      | Found a sparkling altar of Nemelex Xobeh.
  2580 | D:4      | Found a staircase to the Ecumenical Temple.
  2589 | Temple   | Entered the Ecumenical Temple
  2659 | D:4      | Found a broken altar of Ashenzari.
  2666 | D:4      | Saw a vision of the Shoals and the Snake Pit.
  2666 | D:4      | Noticed a cyclops
  2666 | D:4      | Noticed a sea snake
  2666 | D:4      | Noticed a wind drake
  2666 | D:4      | Noticed a merfolk
  2666 | D:4      | Noticed a merfolk
  2666 | D:4      | Noticed a sea snake
  2666 | D:4      | Noticed a merfolk javelineer
  2666 | D:4      | Noticed a water nymph
  2666 | D:4      | Noticed a snapping turtle
  2666 | D:4      | Noticed a black mamba
  2666 | D:4      | Noticed an anaconda
  2666 | D:4      | Noticed a naga mage
  2666 | D:4      | Noticed a shock serpent
  2666 | D:4      | Noticed a mana viper
  2666 | D:4      | Noticed a naga
  2666 | D:4      | Noticed a naga
  2667 | D:4      | Noticed a manticore
  2667 | D:4      | Noticed a guardian serpent
  2668 | D:4      | Noticed a naga
  2670 | D:4      | Became a worshipper of Ashenzari the Shackled
  2813 | D:4      | Reached XP level 6. HP: 37/40 MP: 0/0
  3209 | D:5      | Entered Level 5 of the Dungeon
  3280 | D:5      | Reached skill level 6 in Spellcasting
  3287 | D:5      | Reached XP level 7. HP: 31/45 MP: 0/0
  3287 | D:5      | Learned a level 3 spell: Gell's Gravitas
  3390 | D:5      | Noticed a water moccasin
  3396 | D:5      | Killed a water moccasin
  3648 | D:5      | Reached skill level 7 in Spellcasting
  4015 | D:5      | Reached XP level 8. HP: 39/50 MP: 0/0
  4023 | D:5      | Found a bloodstained altar of Trog.
  4033 | D:5      | HP: 7/50 [orc priest/nerve-wracking pain (12)]
  4637 | D:6      | Reached skill level 8 in Spellcasting
  5094 | D:6      | Reached XP level 9. HP: 18/55 MP: 0/0
  5094 | D:6      | Learned a level 4 spell: Summon Ice Beast
  5098 | D:6      | Reached skill level 9 in Spellcasting
  5897 | D:6      | Found a shadowy altar of Dithmenos.
  5945 | D:6      | Reached skill level 10 in Spellcasting
  6385 | D:7      | You are sucked into a shaft and drop 2 floors!
  6391 | D:9      | Noticed pokeman's ghost (novice DEHW)
  6391 | D:9      | Identified the +7 giant spiked club "Vynuw" {freeze, rElec
                  | rF+ Int+5}
  6391 | D:9      | Noticed a two-headed ogre
  6392 | D:9      | Found a transporter.
  6392 | D:9      | Found a transporter.
  6394 | D:9      | Noticed a two-headed ogre
  6395 | D:9      | Noticed a two-headed ogre
  6473 | D:8      | Noticed Prince Ribbit
  6478 | D:8      | Killed Prince Ribbit
  6508 | D:8      | Reached XP level 10. HP: 31/60 MP: 0/0
  6670 | D:8      | Found an ornate altar of the Wu Jian Council.
  6683 | D:8      | Reached skill level 11 in Spellcasting
  6697 | D:8      | Found a snail-covered altar of Cheibriados.
  6697 | D:8      | Noticed a boulder beetle
  6697 | D:8      | Noticed a cyclops
  6697 | D:8      | Noticed a deep elf pyromancer
  6698 | D:8      | HP: 11/60 [sky beast (4)]
  6700 | D:8      | Slain by a wyvern

Vanquished Creatures
  Prince Ribbit (D:8)
  7 yaks
  A wyvern (D:8)
  An acid dragon (D:8)
  3 water moccasins
  A black bear (D:5)
  An ogre (D:6)
  A sky beast (D:6)
  2 centaurs (D:6)
  2 phantoms
  A gnoll sergeant (D:6)
  A necrophage (D:6)
  A scorpion (D:5)
  5 wights (D:6)
  4 jellies
  3 orc priests (D:5)
  4 hounds
  2 iguanas (D:6)
  2 orc wizards (D:5)
  Robin (D:2)
  9 adders
  6 gnolls
  A shadow imp (D:6)
  A white imp (D:6)
  2 dart slugs (D:2)
  15 orcs
  A bat (D:1)
  4 endoplasms
  6 giant cockroaches
  10 goblins
  7 hobgoblins
  3 jackals (D:1)
  2 quokkas
  10 ball pythons
  5 frilled lizards
  A kobold (D:2)
  11 rats
138 creatures vanquished.

Vanquished Creatures (others)
  A sky beast (D:8)
  53 fulminant prisms
  A plant (D:1)
55 creatures vanquished.

Grand Total: 193 creatures vanquished

Table legend:
 A = Non-vault XP
 B = Vault XP
 C = Vault XP percentage of total XP
 D = Non-vault monster count
 E = Vault monster count
 F = Vault count percentage of total count
                 A         B        C        D         E       F
            +---------+---------+-------+---------+---------+-------
      Total |    4356 |     524 |  10.7 |     126 |      12 |   8.7
            +---------+---------+-------+---------+---------+-------
        D:1 |      36 |       0 |   0.0 |      21 |       0 |   0.0
        D:2 |      72 |      27 |  27.3 |      15 |       7 |  31.8
        D:3 |      24 |       0 |   0.0 |      15 |       0 |   0.0
        D:4 |     245 |       0 |   0.0 |      17 |       0 |   0.0
        D:5 |     893 |      27 |   2.9 |      24 |       2 |   7.7
        D:6 |    2213 |      14 |   0.6 |      29 |       1 |   3.3
        D:8 |     873 |     456 |  34.3 |       5 |       2 |  28.6
            +---------+---------+-------+---------+---------+-------

Illustrated notes

Table legend:
 A = Kills in this place as a percentage of kills in entire the game.
 B = Kills by you in this place as a percentage of kills by you in the entire game.
 C = Kills by friends in this place as a percentage of kills by friends in the entire game.
 D = Other kills in this place as a percentage of other kills in the entire game.
 E = Experience gained in this place as a percentage of experience gained in the entire game.
 F = Experience gained in this place divided by the number of levels of this place that you have seen.
                   A       B       C       D       E      F
               +-------+-------+-------+-------+-------+----------------------
         Total | 100.0 | 100.0 |   N/A |   N/A | 100.0 | 488.0
       Dungeon | 100.0 | 100.0 |   N/A |   N/A | 100.0 | 542.2
               +-------+-------+-------+-------+-------+----------------------

Table legend: (Time is in decaauts)
 A = Elapsed time spent in this place.
 B = Non-inter-level travel time spent in this place.
 C = Inter-level travel time spent in this place.
 D = Time resting spent in this place.
 E = Time spent auto-exploring this place.
 F = Levels seen in this place.
 G = Mean time per level.
                   A        B        C        D        E       F      G
               +--------+--------+--------+--------+--------+-----+--------+
         Total |   6698 |   6426 |    272 |   1148 |   4498 |  10 |  669.8 |
       Dungeon |   6641 |   6379 |    262 |   1148 |   4458 |   9 |  737.9 |
        Temple |     56 |     47 |      9 |      0 |     40 |   1 |   56.0 |
               +--------+--------+--------+--------+--------+-----+--------+

Top non-repeatable levels by time:
     D:6: 1807 daAuts
     D:5: 1267 daAuts
     D:3: 948 daAuts
     D:4: 932 daAuts
     D:2: 847 daAuts
     D:1: 520 daAuts
     D:8: 226 daAuts
     D:9: 87 daAuts
  Temple: 56 daAuts
     D:7: 3 daAuts
